 Dungeon Sprint DCSS version 0.31-a0-851-g7ff8af7976 (webtiles) character file.

Game seed: 13911744521294327191

5106 AiryTheDragon the Grappler (level 10, -6/90 HPs)
             Began as a Black Draconian Shapeshifter on Oct 8, 2023.
             Was a Follower of Uskayaw.
             Splashed by a jelly's acid (9 damage)
             ... in the Dungeon (Sprint I: "Red Sonja").
             The game lasted 00:20:52 (1411 turns).

AiryTheDragon the Grappler (DrSh)                   Turns: 1411, Time: 00:20:55

Health: -6/90      AC: -7    Str: 17    XL:     10   Next: 32%
Magic:  10/10      EV: 17    Int: 16    God:    Uskayaw [*.....]
Gold:   833        SH:  0    Dex: 15    Spells: 9/9 levels left

rFire   . .          .
                       - Unarmed
rCold   . . .        (shield currently unavailable)
rNeg    . . .        (body armour unavailable)
rPois   .            (helmet restricted)
rElec   +            l - +0 cloak
rCorr   .            m - +0 pair of gloves
SInv    .            (no boots)
Will    .....        (no amulet)
Stlth   ++           n - +6 ring of intelligence
HPRegen 0.35/turn    (no ring)
MPRegen 0.12/turn

%: no teleportation
@: short of breath, flux-form, corroded, glowing
A: glow, contaminating, breathe lightning, AC +7, unfitting armour, electricity
resistance, cold-blooded
a: Breathe Lightning, Begin Untransformation, Renounce Religion, Stomp


You were in the Dungeon.
You worshipped Uskayaw.
Uskayaw was noncommittal.
You were something dangerously unstable.
You visited 1 branch You collected 1050 gold pieces.
You spent 217 gold pieces at shops.

Inventory:

Hand Weapons
 j - a +0 club
 k - a +0 scythe
 p - a +2 short sword of distortion
Missiles
 q - 5 curare-tipped darts
Armour
 l - a +0 cloak (worn)
 m - a +0 pair of gloves (worn)
 r - a +1 pair of gloves
Jewellery
 n - a +6 ring of intelligence (left hand)
Talismans
 b - a beast talisman
 c - a flux talisman (active)
Wands
 h - a wand of quicksilver (3)
 o - a wand of roots (1)
Scrolls
 e - a scroll of immolation
 i - a scroll of blinking
 s - 2 scrolls of identify
Potions
 a - 2 potions of lignification
 d - a potion of curing
 f - a potion of haste
 g - 2 potions of magic


   Skills:
 * Level 8.6 Fighting
 * Level 9.8 Dodging
 + Level 9.7 Stealth
 + Level 13.3 Unarmed Combat
 + Level 7.5 Evocations
 + Level 11.2 Shapeshifting


You had 9 spell levels left.
You didn't know any spells.
Your spell library was empty.

Dungeon Overview and Level Annotations

Branches:
Dungeon (1/1)

Altars:
Cheibriados
Dithmenos
Elyvilon
Fedhas
Gozag
Hepliaklqana
Kikubaaqudgha
Makhleb
Nemelex Xobeh
Okawaru
Qazlal
Ru
Sif Muna
Trog
Uskayaw
Vehumet
Wu Jian
Xom
Yredelemnul
Zin
The Shining One
Jiyva
Lugonu

Shops:
D *[


Innate Abilities, Weirdness & Mutations

You are something dangerously unstable.
You glow with magical radiation, making you easy to see and hit.
Foes you strike become dangerously contaminated with magical radiation.
You are incapable of wielding weapons or throwing items.
You can breathe wild blasts of lightning.
Your glossy black scales are hard. (AC +7)
You cannot fit into any form of body armour.
You are resistant to electric shocks. (rElec)
You are cold-blooded and may be slowed by cold attacks.


Message History

Aim: a floating eye (severely wounded, fully charged, contaminated, misshapen and mutated)
The roots erupt in riotous growth!
Roots grab the floating eye.
The grasping roots constrict the floating eye.
You kill the floating eye!
Aiming: Fastroot
Press: ? - help, Shift-Dir - straight line, f - you The roots erupt in riotous growth!
Aiming: Fastroot
Press: ? - help, Shift-Dir - straight line, f - jelly
Aim: a jelly The roots erupt in riotous growth!
The jelly is unaffected. x2
Unknown command.
Okay, then.
You enter the shallow water.
Moving in this stuff is going to be slow.
There is an open door here.
You hit the jelly but do no damage.
The jelly begins to glow.
The acid corrodes you!
Your hands burn!
* * * LOW HITPOINT WARNING * * *
You tail-slap the jelly, but do no damage.
The jelly closely misses you.
Attack: -) Nothing wielded
Press: ? - help, Dir - move target, f/p - jelly
Aim: a jelly (purple smoke, contaminated, about 3% to evade your hands)
Okay, then.
Activating: Breathe Lightning (3% risk of failure)
Press: ? - help, Dir - look around, f - activate You breathe a wild blast of lightning!
The bolt of lightning misses you.
The orb of electricity explodes!
The orb of electricity engulfs you! You resist.
* * * LOW HITPOINT WARNING * * *
The orb of electricity engulfs the jelly!
The jelly is heavily wounded.
The orb of electricity engulfs the jelly!!
You kill the jelly!
The bolt of lightning misses you. x2; The jelly hits you.
* * * LOW HITPOINT WARNING * * *
You are splashed with acid!
You die...

##########################
#<.#.[').#..'..#__#..')..#
#..'..#..'[.#..').'..#§§.#
#..#####'#####'#__####§..+
#..####..#...#.####[§#####
#..#__####..##[#~~~.§#..#
#..#_____##'#_.pJ§§§§J..#
#⌠⌠#_.∩...'..._#§§~..#..#
####_..__##_.#'##§#####'###
#_____###'#.#..[.###.J.#
#########.####'###.###§#
+...'.....')∩##J#
#...###########§#
###.###.§§§..§##§#
#.#'#.#...§†.§§JG#


You could see a jelly (contam).

Vanquished Creatures
  2 centaur warriors (D)
  Sonja (D)
  A deep troll (D)
  An oklob plant (D)
  2 unseen horrors (D)
  2 kobold demonologists (D)
  A hornet (D)
  Sigmund (D)
  A slime creature (D)
  A yak (D)
  2 redbacks (D)
  2 floating eyes (D)
  An ogre (D)
  A necrophage (D)
  7 jellies (D)
  Ijyb (D)
  2 ballistomycete spores (D)
29 creatures vanquished.

Notes
Turn   | Place    | Note
-------+----------+-------------------------------------------
     0 | D        | AiryTheDragon the Draconian Shapeshifter began the quest
                  | for the Orb.
     0 | D        | Reached XP level 1. HP: 16/16 MP: 1/1
     2 | D        | Noticed Ijyb
     9 | D        | Killed Ijyb
    10 | D        | Reached skill level 4 in Unarmed Combat
    10 | D        | Reached XP level 2. HP: 23/23 MP: 2/2
    12 | D        | Noticed an ogre
    17 | D        | Killed an ogre
    18 | D        | Reached skill level 1 in Stealth
    18 | D        | Reached skill level 6 in Unarmed Combat
    18 | D        | Reached XP level 3. HP: 28/28 MP: 3/3
    18 | D        | Reached XP level 4. HP: 35/35 MP: 4/4
    34 | D        | Noticed Sigmund
    78 | D        | Killed Sigmund
    79 | D        | Reached skill level 7 in Unarmed Combat
    79 | D        | Reached XP level 5. HP: 14/41 MP: 5/5
    79 | D        | Reached XP level 6. HP: 17/48 MP: 6/6
   200 | D        | Found an ornate altar of the Wu Jian Council.
   200 | D        | Found a shimmering blue altar of Sif Muna.
   202 | D        | Found a radiant altar of Vehumet.
   208 | D        | Reached skill level 8 in Unarmed Combat
   223 | D        | Found Wimoett's Assorted Antiques.
   223 | D        | Found an ancient bone altar of Kikubaaqudgha.
   223 | D        | Found a hazy altar of Hepliaklqana.
   223 | D        | Found a hide-covered altar of Uskayaw.
   223 | D        | Found a basalt altar of Yredelemnul.
   223 | D        | Found an opulent altar of Gozag.
   223 | D        | Found a snail-covered altar of Cheibriados.
   223 | D        | Found a sacrificial altar of Ru.
   223 | D        | Found a shadowy altar of Dithmenos.
   223 | D        | Noticed a yak
   230 | D        | Killed a yak
   231 | D        | Reached skill level 5 in Dodging
   231 | D        | Reached skill level 9 in Unarmed Combat
   231 | D        | Found a stormy altar of Qazlal.
   231 | D        | Found a blossoming altar of Fedhas.
   231 | D        | Found a bloodstained altar of Trog.
   231 | D        | Found an iron altar of Okawaru.
   231 | D        | Found a glowing golden altar of the Shining One.
   231 | D        | Found a glowing silver altar of Zin.
   231 | D        | Found a white marble altar of Elyvilon.
   232 | D        | Found a sparkling altar of Nemelex Xobeh.
   235 | D        | Became a worshipper of Uskayaw the Reveller
   237 | D        | Bought a cloak for 99 gold pieces
   237 | D        | Bought a pair of gloves for 99 gold pieces
   237 | D        | Bought a smoky brown potion for 19 gold pieces
   264 | D        | Found a viscous altar of Jiyva.
   264 | D        | Found a corrupted altar of Lugonu.
   264 | D        | Noticed a slime creature
   265 | D        | Found a burning altar of Makhleb.
   265 | D        | Found a shimmering altar of Xom.
   266 | D        | Reached * piety under Uskayaw
   270 | D        | Killed a slime creature
   270 | D        | Reached ** piety under Uskayaw
   271 | D        | Reached skill level 5 in Stealth
   271 | D        | Reached skill level 1 in Evocations
   271 | D        | Your scales start taking on a glossy black colour.
   271 | D        | Reached XP level 7. HP: 42/57 MP: 3/7
   271 | D        | Gained mutation: You are resistant to electric shocks.
                  | (rElec) [Black Draconian growth]
   324 | D        | Noticed a kobold demonologist
   325 | D        | Noticed a kobold demonologist
   326 | D        | Noticed a rust devil
   329 | D        | Reached *** piety under Uskayaw
   330 | D        | Killed a kobold demonologist
   331 | D        | Reached skill level 10 in Unarmed Combat
   332 | D        | Reached **** piety under Uskayaw
   337 | D        | Noticed a smoke demon
   337 | D        | Reached ***** piety under Uskayaw
   339 | D        | Killed a kobold demonologist
   340 | D        | Reached skill level 10 in Shapeshifting
   340 | D        | Reached XP level 8. HP: 63/67 MP: 8/8
   349 | D        | Noticed a centaur warrior
   349 | D        | Noticed a centaur warrior
   369 | D        | Killed a centaur warrior
   370 | D        | Reached skill level 5 in Fighting
   370 | D        | Reached skill level 11 in Unarmed Combat
   370 | D        | Reached skill level 5 in Evocations
   379 | D        | Killed a centaur warrior
   380 | D        | Reached XP level 9. HP: 24/78 MP: 4/9
   566 | D        | Noticed a deep troll
   571 | D        | Killed a deep troll
   572 | D        | Reached skill level 12 in Unarmed Combat
   582 | D        | Found Miny's Armour Emporium.
   607 | D        | Noticed Sonja
   612 | D        | Killed Sonja
   894 | D        | Paralysed by a hornet for 3 turns
  1127 | D        | Noticed an oklob plant
  1133 | D        | Killed an oklob plant
  1134 | D        | Reached XP level 10. HP: 88/88 MP: 10/10
  1343 | D        | Reached skill level 13 in Unarmed Combat
  1388 | D        | Paralysed by a floating eye for 4 turns
  1411 | D        | HP: 3/90 [jelly (3)]
  1411 | D        | Splashed by a jelly's acid

Illustrated notes

Levels and vault maps discovered:
D:        dungeon_sprint_1 [red_sonja_temple_1, red_sonja_temple_small_1]

Skill      XL: |  1  2  3  4  5  6  7  8  9 10 |
---------------+-------------------------------+-----
Dodging        | 2 3 4 5 6 8 9 |  9.8
Unarmed Combat | 4 6 7 9 10 11 12 13 | 13.3
Shapeshifting  | 4 6 8 9 10 11 | 11.2
Stealth        | 1 3 5 6 7 9 |  9.7
Fighting       | 3 4 6 8 |  8.6
Evocations     | 1 4 5 7 |  7.5

Action                     |  1- 3 |  4- 6 |  7- 9 | 10-12 || total
---------------------------+-------+-------+-------+-------++-------
  Melee: Unarmed           |     9 |    29 |    47 |    39 ||   124
         Tailslap          |     1 |     3 |    10 |    13 ||    27
 Invoke: Stomp             |       |     1 |       |     1 ||     2
         Line Pass         |       |       |     2 |     2 ||     4
Ability: Breathe Lightning |       |       |     2 |     2 ||     4
  Evoke: Wand              |       |     1 |     5 |     4 ||    10
    Use: Potion            |     1 |       |     2 |     3 ||     6
         Scroll            |       |       |     1 |     1 ||     2
   Stab: Sleeping          |     1 |       |       |       ||     1
         Paralysed         |       |       |     4 |       ||     4
         Confused          |       |       |     1 |       ||     1
 Armour: Skin              |       |     8 |    64 |    30 ||   102
  Dodge: Dodged            |     5 |    27 |    41 |    35 ||   108
   Form: Flux              |       |     1 |       |       ||     1

Table legend: (Time is in decaauts)
 A = Elapsed time spent in this place.
 B = Non-inter-level travel time spent in this place.
 C = Inter-level travel time spent in this place.
 D = Time resting spent in this place.
 E = Time spent auto-exploring this place.
 F = Levels seen in this place.
 G = Mean time per level.
                   A        B        C        D        E       F      G
               +--------+--------+--------+--------+--------+-----+--------+
         Total |   1405 |   1405 |      0 |    923 |      0 |   1 | 1405.0 |
       Dungeon |   1405 |   1405 |      0 |    923 |      0 |   1 | 1405.0 |
               +--------+--------+--------+--------+--------+-----+--------+

Top non-repeatable levels by time:
       D: 1405 daAuts
